 Dungeon Crawl Stone Soup version 0.20.1-1-g8b1a95d (webtiles) character file.

830228 ANON1729 the Cryomancer (level 27, -3/216 HPs)
             Began as an Octopode Fire Elementalist on Aug 7, 2017.
             Was an Elder of Vehumet.
             Killed by divine providence
             ... invoked by a greater mummy
              (12 damage)
             ... on level 2 of the Tomb of the Ancients on Aug 8, 2017.
             The game lasted 10:39:29 (136970 turns).

ANON1729 the Cryomancer (OpFE)                    Turns: 136970, Time: 10:39:30

Health: -3/216     AC:  7    Str:  7 (10) XL:     27
Magic:  62/70      EV: 19    Int: 37 (39) God:    Vehumet [****..]
Gold:   2495       SH:  9    Dex: 19      Spells: 3/74 levels left

rFire    + . .     SeeInvis .   u - +9 long sword "Ekeuc" {pain, +Fly Str+2 Int+3}
rCold    + . .     Gourm    .   z - +3 buckler {reflect}
rNeg     + + +     Faith    .   R - +3 hat of Pondering {ponderous, MR+ MP+10 Int+5}
rPois    +         Spirit   .   W - amulet of the Thistle {rN+ Regen+ Dex+2}
rElec    +         Reflect  +   V - ring "Nodius" {rElec MP+9 Stlth+}
rCorr    .         Harm     .   X - ring of the Trout {rPois rN+ Int+3}
MR       ++++.                  w - ring "Xegyme Alol" {Ice rN+ Dex+3}
Stlth    ++++......             l - +3 ring of protection
Regen    0.9/turn               a - ring of fire
MPRegen  0.5/turn               I - ring of protection from cold
                                S - ring of protection from magic
                                j - ring of the Raven {*Drain +Inv rF+ rN+++ Stlth-}

@: lethally poisoned (-3 -> -5), slowed, studying Air Magic, very slow
A: almost no armour, stealthy swim, amphibious, 8 rings, constrict 8, beak,
camouflage 1, blink, blurry vision 1, robust 1, electricity resistance,
gelatinous body 1, evolution 2, no potion heal 1
}: 4/15 runes: decaying, serpentine, slimy, silver
a: Blink, Renounce Religion, Evoke Invisibility, Evoke Flight


You were on level 2 of the Tomb of the Ancients.
You worshipped Vehumet.
Vehumet was greatly pleased with you.
You were not hungry.

You visited 14 branches of the dungeon, and saw 61 of its levels.
You also visited: Labyrinth and Wizlab.

You collected 8110 gold pieces.
You spent 5615 gold pieces at shops.

Inventory:

Hand Weapons
 b - the +9 dagger "Ophacona" {pain, *Noise rPois SInv}
   (You found it on level 5 of the Vaults)

   In the hands of one skilled in necromantic magic, it inflicts extra damage on
   living creatures.
   It protects you from poison.
   It lets you see invisible.
   It may make noises in combat.
 u - the +9 long sword "Ekeuc" (weapon) {pain, +Fly Str+2 Int+3}
   (You found it on level 1 of the Snake Pit)

   In the hands of one skilled in necromantic magic, it inflicts extra damage on
   living creatures.
   It affects your strength (+2).
   It affects your intelligence (+3).
   It lets you fly.
Armour
 z - a +3 buckler of reflection (worn)
 R - the +3 hat of Pondering (worn) {ponderous, MR+ MP+10 Int+5}
   (You found it on level 3 of the Lair of Beasts)

   It affects your intelligence (+5).
   It affects your resistance to hostile enchantments.
   It affects your magic capacity (+10).
Magical Staves
 s - an uncursed staff of fire
 T - an uncursed staff of wizardry
Jewellery
 a - a ring of fire (on tentacle)
 j - the ring of the Raven (on tentacle) {*Drain +Inv rF+ rN+++ Stlth-}
   (You took it off a deep elf mage on level 3 of the Elven Halls)

   [ring of protection from fire]

   It protects you from fire.
   It renders you almost immune to negative energy.
   It lets you turn invisible.
   It causes draining when unequipped.
   It makes you less stealthy.
 l - a +3 ring of protection (on tentacle)
 w - the ring "Xegyme Alol" (on tentacle) {Ice rN+ Dex+3}
   (You found it on level 10 of the Dungeon)

   [ring of ice]

   It enhances your ice magic.
   It affects your dexterity (+3).
   It makes you vulnerable to fire.
   It protects you from cold.
   It protects you from negative energy.
 I - a ring of protection from cold (on tentacle)
 S - a ring of protection from magic (on tentacle)
 V - the ring "Nodius" (left tentacle) {rElec MP+9 Stlth+}
   (You bought it in a shop on level 4 of the Snake Pit)

   [ring of magical power]

   It insulates you from electricity.
   It affects your magic capacity (+9).
   It makes you more stealthy.
 W - the amulet of the Thistle (around mantle) {rN+ Regen+ Dex+2}
   (You found it on level 3 of the Crypt)

   [amulet of regeneration]

   It affects your dexterity (+2).
   It protects you from negative energy.
   It increases your rate of regeneration.
 X - the ring of the Trout (right tentacle) {rPois rN+ Int+3}
   (You found it on level 3 of the Crypt)

   [ring of positive energy]

   It affects your intelligence (+3).
   It protects you from poison.
   It protects you from negative energy.
Wands
 A - a wand of lightning (4/15)
 B - a wand of clouds (6/9)
 Q - a wand of digging (13/24)
Scrolls
 c - 9 scrolls of fear
 i - 21 scrolls of remove curse
 k - 2 scrolls of holy word
 p - 4 scrolls of magic mapping
 t - 4 scrolls of blinking
 y - 18 scrolls of teleportation
 D - 9 scrolls of identify
 F - 2 scrolls of amnesia
 K - 7 scrolls of summoning
 M - 6 scrolls of fog
 Z - 5 scrolls of recharging
Potions
 d - 10 potions of might
 e - 10 potions of brilliance
 g - 6 potions of agility
 h - 29 potions of curing
 m - 6 potions of invisibility
 q - 9 potions of lignification
 r - 7 potions of heal wounds
 v - 3 potions of ambrosia
 E - 2 potions of resistance
 G - 10 potions of haste
 J - 9 potions of mutation
 U - 2 potions of flight
 Y - 5 potions of magic
Books
 f - Iggea's Collected Works on the Twisted Traveller
   (Sif Muna gifted it to you on level 3 of the Crypt)

   Spells                             Type                      Level
   a - Blink                          Translocation                2
   b - Control Undead                 Necromancy                   4
   c - Cigotuvi's Embrace             Necromancy                   5
   d - Malign Gateway                 Summoning/Translocation      7
   e - Death's Door                   Charms/Necromancy            8
   f - Infestation                    Necromancy                   8
 o - a manual of Air Magic
 x - a book of Annihilations

   Spells                             Type                      Level
   a - Poison Arrow                   Conjuration/Poison           6
   b - Chain Lightning                Conjuration/Air              8
   c - Lehudib's Crystal Spear        Conjuration/Earth            8
   d - Glaciate                       Conjuration/Ice              9
   e - Fire Storm                     Conjuration/Fire             9
Miscellaneous
 C - a phial of floods
 H - a lamp of fire
 L - 4 phantom mirrors
 N - a fan of gales
 P - a lightning rod (4/4)
Comestibles
 n - 13 meat rations
 O - 12 bread rations


   Skills:
 - Level 18.7 Fighting
 - Level 7.1 Dodging
 - Level 3.5 Stealth
 - Level 4.2 Shields
 - Level 1.0 Unarmed Combat
 * Level 24.1 Spellcasting
 - Level 21.3 Conjurations
 - Level 11.4 Summonings
 * Level 17.2 Necromancy
 - Level 12.3 Transmutations
 - Level 21.1 Fire Magic
 - Level 25.0 Ice Magic
 - Level 5.1 Earth Magic
   Level 10.2 Invocations


You had 3 spell levels left.
You knew the following spells:

 Your Spells              Type           Power        Failure   Level  Hunger
a - Spellforged Servitor  Conj/Summ      ########..   1%          7    None
b - Conjure Flame         Conj/Fire      ########     0%          3    None
c - Sticky Flame          Conj/Fire      ########     0%          4    None
d - Regeneration          Chrm/Necr      #######...   1%          3    None
e - Bolt of Fire          Conj/Fire      ########..   0%          6    None
f - Iron Shot             Conj/Erth      #######...   1%          6    None
g - Bolt of Cold          Conj/Ice       ########..   0%          6    None
h - Ozocubu's Armour      Chrm/Ice       ########     0%          3    None
i - Summon Butterflies    Summ           #######.     0%          1    None
j - Ignition              Fire           ########..   1%          8    None
k - Orb of Destruction    Conj           ########..   1%          7    None
l - Glaciate              Conj/Ice       ########..   1%          9    ###....
m - Necromutation         Tmut/Necr      ########..   8%          8    None


Dungeon Overview and Level Annotations

Branches:
Dungeon (15/15)            Temple (1/1) D:7            Lair (6/6) D:10
  Swamp (4/4) Lair:4        Snake (4/4) Lair:4        Slime (5/5) Lair:5
    Orc (2/2) D:10            Elf (3/3) Orc:2        Vaults (5/5) D:13
  Crypt (3/3) Vaults:2       Tomb (2/3) Crypt:3      Depths (5/5) D:15
   Hell (1/1)                 Dis (0/7) Hell            Geh (0/7) Hell
    Coc (0/7) Hell            Tar (0/7) Hell            Zot (5/5) Depths:5

Altars:
Cheibriados
Dithmenos
Fedhas
Gozag
Hepliaklqana
Kikubaaqudgha
Makhleb
Nemelex Xobeh
Sif Muna
Trog
Vehumet
Xom
Yredelemnul
Zin
Beogh

Shops:
D:4 ?   D:5 %   D:10 ?}*   D:11 =   Orc:2 [:?[   Elf:1 =   Elf:2 (   Snake:1 (
Snake:2 (*   Snake:4 ==}   Vaults:2 [:%   Vaults:5 !!?!?!?%

Portals:
Hell: Lair:6 Depths:1 Depths:2 Depths:3 Depths:4 Depths:5
Abyss: Depths:1 Depths:4
Pandemonium: Depths:2 Depths:3
Ziggurat: Depths:5

Annotations:
D:4 exclusion: downstairs
D:8 saplok's ghost, novice HOBe
Swamp:2 Nikola
Snake:1 exclusions: 4 doors and 1 more exclusion


Innate Abilities, Weirdness & Mutations

You cannot wear most types of armour.
You are very stealthy in the water. (Stealth+)
You are amphibious.
You can wear up to eight rings at the same time.
You can use your tentacles to constrict eight enemies at once.
Your skin changes colour to match your surroundings (Stealth+).
Your rubbery body absorbs attacks. (AC +1, EV +1)
You have a beak for a mouth.
You can translocate small distances at will.
Scrolls take you a little longer to read.
You are robust. (+10% HP)
You are resistant to electric shocks. (rElec)
You rapidly evolve.
Potions are less effective at restoring your health.


Message History

You found a teleport trap!
You feel sick.
You hear a distant "Zot"!
The ushabti shakes and rattles.
The vile air hits you!
* * * LOW HITPOINT WARNING * * *
You hear a distant "Zot"!
A death scarab comes into view.
Unknown command.
Your system partially rejects the healing.
You feel much better.
You are engulfed in dark miasma.
* * * LOW HITPOINT WARNING * * *
You feel sick.
The death scarab moves out of view.
You hear a distant "Zot"! x3
The greater mummy calls on the powers of darkness!
The emperor scorpion convulses!
Your body is wracked with pain!
* * * LOW HITPOINT WARNING * * *
You hear a distant "Zot"!
The greater mummy casts a spell at you. Something smites you!
You die...

....#######....##
...M..M.........##
.................##
....§....§.8§..... .
.....§...s..§.... ..
.........§..§...##...
..Z.....)§...§.......
.....§.......§.^.....
......†s§M.§s@...#
....§§.......§..##
....#######....##
#... #...## #.. ....#
.. ....... ........
......(.


You could see a greater mummy, an emperor scorpion, an ushabti and a death
scarab.

Vanquished Creatures
  the Royal Jelly (Slime:5)
  4 ancient liches (Zot:5)
  Khufu (Crypt:3)
  6 orbs of fire
  The ghost of fino the Warrior, a master DrTm of Ru (Slime:5)
  2 juggernauts (Depths:3)
  6 greater mummies
  Boris (twice) (Vaults:3 Depths:5)
  Sojobo (Vaults:4)
  Bai Suzhen (Elf:3)
  Margery (Vaults:4)
  3 Killer Klowns
  Frederick (Crypt:2)
  the Lernaean hydra (Swamp:4)
  2 curse toes
  Geryon (Hell)
  Xtahua (Vaults:3)
  8 caustic shrikes (Depths:4)
  13 golden dragons
  A profane servitor (Crypt:3)
  A Hellbinder (WizLab)
  A bone dragon (Crypt:3)
  4 electric golems
  Jorgrun (Vaults:2)
  21 tentacled monstrosities
  25 Orb Guardians (Zot:5)
  6 quicksilver dragons
  3 titans
  9 liches
  A deep elf blademaster (Elf:3)
  3 thorn hunters
  3 deep elf master archers (Elf:3)
  23 acid blobs
  Frances (Swamp:2)
  Murray (Hell)
  11 sphinxes
  11 death cobs
  11 ancient champions
  4 draconian monks
  Donald (Vaults:2)
  Agnes (Elf:1)
  12 storm dragons
  11 tengu reavers
  Roxanne (Elf:2)
  17 shadow dragons
  8 nagarajas
  8 fire giants
  2 revenants
  13 azure jellies
  Aizul (Depths:1)
  2 balrugs
  6 draconian knights
  16 vault wardens
  3 cacodemons
  6 iron dragons
  A ghost moth (Zot:5)
  12 deep elf sorcerers
  14 frost giants
  3 curse skulls (Crypt:2)
  5 draconian shifters
  4 draconian scorchers
  7 ghouls
  8 deep elf elementalists
  7 reapers
  3 draconian stormcallers
  23 ironheart preservers
  7 draconian annihilators
  18 stone giants
  11 vampire knights
  5 war gargoyles
  27 very ugly things
  10 green draconians
  3 entropy weavers
  Nessos (D:14)
  A spectral titan (Crypt:3)
  11 deep elf demonologists
  16 deep elf annihilators
  Azrael (D:13)
  10 black draconians
  11 red draconians
  21 spark wasps
  A purple draconian (Zot:3)
  8 yellow draconians
  4 crystal guardians
  10 white draconians
  5 green deaths
  6 death oozes (Slime:5)
  9 ettins
  8 mummy priests
  3 eidola (Crypt:2)
  7 deep elf high priests
  A blizzard demon (Depths:2)
  Snorg (D:14)
  11 deep elf death magi
  A minotaur (Lab)
  Erolcha (Orc:2)
  21 jiangshi
  16 fire dragons
  An ettin (shapeshifter) (Vaults:5)
  13 great orbs of eyes
  20 yaktaur captains
  Harold (D:11)
  14 naga warriors
  6 rakshasas
  34 vault guards
  24 hydras
  The ghost of gwathlobal the Basher, a novice TrCK of Xom (Lab)
  A hell beast (WizLab)
  10 ice dragons
  A ghost crab (Swamp:3)
  5 catoblepae
  7 spriggan air magi
  18 anacondas
  The ghost of Coffe1991 the Fighter, a journeyman GrBe of Trog (D:11)
  A two-headed ogre (shapeshifter) (Vaults:5)
  12 centaur warriors
  A satyr (shapeshifter) (Vaults:4)
  27 dancing weapons
  An anaconda (shapeshifter) (D:15)
  7 death knights
  17 death scarabs
  56 two-headed ogres
  8 tengu warriors
  7 alligators
  A queen ant (Lair:2)
  7 vampire magi
  25 ogre magi
  6 deep troll earth magi
  An orc high priest (Orc:1)
  12 death yaks
  6 spriggan berserkers
  7 deep troll shamans
  21 naga sharpshooters
  13 shock serpents
  3 sun demons
  Urug (Lair:4)
  28 deep elf knights
  A sixfirhy (Hell)
  10 salamander mystics
  2 fire crabs (shapeshifter)
  Sonja (Lair:1)
  59 skeletal warriors
  3 titan skeletons
  5 soul eaters
  2 golden dragon zombies
  3 shadow wraiths (Crypt:3)
  25 hell knights
  A sea snake (shapeshifter) (Vaults:5)
  26 deep trolls
  4 storm dragon skeletons
  3 glowing orange brains
  4 iron trolls
  7 swamp dragons
  3 spriggan druids
  3 anaconda zombies (Hell)
  A spectral anaconda (Crypt:3)
  The ghost of Coffe1991 the Fighter, a novice GrBe of Trog (D:7)
  2 deep trolls (shapeshifter)
  14 flayed ghosts
  An unseen horror (D:10)
  A kraken simulacrum (Hell)
  5 shambling mangroves
  A ghost moth zombie (Crypt:1)
  3 wizards
  21 deep elf archers
  14 phantasmal warriors
  22 orc knights
  An orange crystal statue (D:13)
  A golden dragon skeleton (Depths:3)
  A harpy (shapeshifter) (Vaults:3)
  5 harpies (Vaults:2)
  6 naga ritualists
  18 ironbrand convokers
  17 necromancers
  An iron dragon zombie (Hell)
  8 mana vipers
  4 lindwurms (Snake:4)
  A human zombie (Vaults:2)
  2 wolf spiders (shapeshifter)
  5 wolf spiders
  A cyclops (shapeshifter) (Vaults:3)
  A wolf spider zombie (D:12)
  3 manticores
  69 ugly things
  6 oklob plants
  A salamander (shapeshifter) (Depths:2)
  99 deep elf magi
  6 orc sorcerers
  2 frost giant zombies
  8 shining eyes
  4 cyclopes
  2 manticores (shapeshifter)
  A stone giant skeleton (Depths:2)
  24 moths of wrath
  18 salamanders
  2 stone giant zombies
  7 guardian serpents
  An iron dragon skeleton (Crypt:1)
  17 elephants
  56 black mambas
  A rust devil (WizLab)
  A water nymph (shapeshifter) (Depths:4)
  24 naga magi
  A fire giant skeleton (Depths:2)
  A black mamba (shapeshifter) (Depths:2)
  A guardian serpent (shapeshifter) (Vaults:4)
  3 ice statues
  2 frost giant skeletons
  2 gargoyles
  21 vault sentinels
  9 orange demons
  A storm dragon simulacrum (Depths:3)
  A spiny frog (shapeshifter) (Depths:3)
  A rime drake (shapeshifter) (Vaults:1)
  3 eyes of devastation
  A torpor snail (Lair:6)
  3 smoke demons
  11 freezing wraiths
  4 centaur skeletons
  23 spiny frogs
  72 yaktaurs
  A yaktaur zombie (Vaults:2)
  2 rime drakes (Lair:6)
  6 komodo dragons
  A yaktaur (shapeshifter) (Vaults:3)
  A catoblepas zombie (Crypt:1)
  3 hellions
  A pale draconian zombie (Crypt:2)
  A catoblepas skeleton (Hell)
  An efreet (D:15)
  A komodo dragon (shapeshifter) (Vaults:4)
  3 hellwings (Depths:2)
  9 kobold demonologists
  22 guardian mummies
  5 ice devils
  A tormentor (WizLab)
  9 red devils
  2 anaconda simulacra (Crypt:2)
  A yaktaur skeleton (Vaults:3)
  3 polar bears
  8 trolls
  A sea snake skeleton (Crypt:1)
  6 hydra zombies
  A jumping spider (Vaults:1)
  8 tengu conjurers
  A queen bee (shapeshifter) (Vaults:3)
  A queen bee (Lair:1)
  A wolf spider simulacrum (Crypt:2)
  Grinder (D:5)
  10 tyrant leeches
  42 hornets
  2 queen ant zombies (Crypt:1)
  2 shadow dragon simulacra
  A harpy skeleton (Crypt:2)
  14 bog bodies
  31 blink frogs
  2 stone giant simulacra
  10 dream sheep
  2 ettin zombies (Hell)
  181 slime creatures
  A fire giant simulacrum (Depths:3)
  3 human simulacra (Vaults:3)
  A spriggan zombie (Depths:2)
  16 hippogriffs
  A frost giant simulacrum (Vaults:5)
  A meliai zombie (D:15)
  11 air elementals
  An ettin skeleton (Hell)
  73 flying skulls
  13 redbacks
  7 shadows
  A fire dragon skeleton (Crypt:1)
  2 spriggans (shapeshifter)
  2 tarantellas
  7 ushabtiu
  5 wyverns
  A tarantella (shapeshifter) (Vaults:4)
  2 vampires
  3 ynoxinuls
  7 water elementals
  A black mamba skeleton (Crypt:2)
  31 spriggans
  A black mamba zombie (Crypt:1)
  12 fire elementals
  9 wraiths
  70 yaks
  2 hungry ghosts
  13 golden eyes
  A yak (shapeshifter) (Vaults:4)
  5 humans (Depths:2)
  4 basilisks
  19 vampire mosquitoes
  A wind drake skeleton (Crypt:2)
  Grum (D:11)
  A yaktaur simulacrum (Vaults:5)
  4 insubstantial wisps (Swamp:4)
  4 soldier ants (Lair:2)
  A large abomination (Crypt:3)
  44 nagas
  11 wargs
  21 swamp worms
  An acid dragon (D:15)
  A deep troll skeleton (Vaults:2)
  A spiny frog zombie (Hell)
  A water moccasin (shapeshifter) (Depths:3)
  Duvessa (D:5)
  13 hell hounds
  24 water moccasins
  7 porcupines
  A hydra simulacrum (Hell)
  A merfolk skeleton (Crypt:2)
  3 floating eyes
  48 orc warriors
  19 swamp drakes
  3 spiny frog skeletons
  The ghost of Jukra the Ruffian, an amateur TrMo (D:3)
  An infernal demonspawn skeleton (Crypt:1)
  2 sky beasts (D:6)
  3 black bears
  8 ice beasts
  9 eyes of draining
  56 ogres
  An eye of draining (shapeshifter) (Depths:3)
  6 phantoms
  10 necrophages
  19 wolves
  15 boggarts
  A wolf (shapeshifter) (Vaults:1)
  A human skeleton (Vaults:3)
  A swamp dragon zombie (Crypt:1)
  A hog skeleton (Crypt:2)
  2 swamp dragon skeletons (Crypt:2)
  A tengu (shapeshifter) (Vaults:2)
  24 centaurs
  13 crocodiles
  Blork the orc (D:4)
  22 bullfrogs
  8 big kobolds
  A wyvern zombie (D:12)
  5 earth elementals
  3 small abominations (Crypt:3)
  Dowan (D:5)
  A scorpion (shapeshifter) (Vaults:3)
  A spiny frog simulacrum (Tomb:1)
  8 scorpions
  40 killer bees
  13 wights
  10 howler monkeys
  An electric eel (Lair:3)
  7 crimson imps
  3 centaur zombies
  A quasit (D:8)
  2 bullfrog zombies
  2 bullfrog skeletons
  5 jellies
  20 orc priests
  8 hounds
  45 orc wizards
  7 iguanas
  A basilisk skeleton (Crypt:2)
  31 worker ants
  A big kobold zombie (Crypt:2)
  A naga zombie (Crypt:2)
  An acid dragon skeleton (Crypt:1)
  3 hound zombies
  25 mummies
  A gnoll (D:6)
  A river rat (shapeshifter) (Depths:4)
  21 adders
  4 shadow imps
  A white imp (Vaults:3)
  5 oozes
  An adder zombie (D:4)
  5 worms
  7 leopard geckos
  112 orcs
  2 ball pythons
  8 giant cockroaches
  9 goblins
  3 hobgoblins
  10 jackals
  5 quokkas
  A ball python skeleton (Crypt:2)
  12 bats
  3 frilled lizards
  16 kobolds
  A leopard gecko skeleton (D:7)
  A quokka skeleton (D:5)
  12 rats
  2 crawling corpses (Vaults:5)
  A fire vortex (Tomb:1)
  10 fungi
  13 plants
3571 creatures vanquished.

Vanquished Creatures (collateral kills)
  A golden dragon (Zot:5)
  An acid blob (Slime:5)
  A water moccasin (Lair:5)
3 creatures vanquished.

Vanquished Creatures (others)
  A stone giant (Depths:4)
  A yaktaur captain (Vaults:4)
  A centaur warrior (Depths:1)
  An alligator (Swamp:4)
  A naga sharpshooter (Snake:3)
  A deep elf archer (Elf:3)
  A vault sentinel (Vaults:5)
  An orc (D:15)
  A kobold (D:12)
  19 blocks of ice
  3 bushes
  28 fungi
  17 plants
76 creatures vanquished.

Grand Total: 3650 creatures vanquished

Notes
Turn   | Place    | Note
-------+----------+-------------------------------------------
     0 | D:1      | ANON1729 the Octopode Fire Elementalist began the quest for the Orb.
     0 | D:1      | Reached XP level 1. HP: 11/11 MP: 3/3
   460 | D:1      | Reached XP level 2. HP: 5/17 MP: 0/5
  1555 | D:2      | Reached XP level 3. HP: 9/21 MP: 4/6
  1680 | D:2      | Learned a level 3 spell: Conjure Flame
  2735 | D:2      | Reached skill level 1 in Unarmed Combat
  2735 | D:2      | Reached XP level 4. HP: 20/27 MP: 7/7
  2948 | D:3      | Noticed Jukra's ghost (amateur TrMo)
  3902 | D:4      | Reached XP level 5. HP: 31/31 MP: 8/8
  4122 | D:4      | Learned a level 4 spell: Sticky Flame
  4398 | D:4      | Noticed Blork the orc
  4473 | D:4      | Killed Blork the orc
  4473 | D:4      | Reached XP level 6. HP: 13/36 MP: 10/10
  4882 | D:4      | Found Paff's Magic Scroll Emporium.
  4899 | D:4      | Noticed a phantom
  4908 | D:4      | Killed a phantom
  4908 | D:4      | Reached skill level 5 in Fire Magic
  5162 | D:4      | Bought a scroll of magic mapping for 49 gold pieces
  5162 | D:4      | Bought a scroll of fear for 49 gold pieces
  5162 | D:4      | Bought a scroll of blinking for 105 gold pieces
  5489 | D:5      | Entered Level 5 of the Dungeon
  5512 | D:5      | Noticed Dowan
  5513 | D:4      | Reached XP level 7. HP: 24/41 MP: 12/12
  6167 | D:5      | Noticed Duvessa
  6216 | D:5      | Learned a level 5 spell: Fireball
  6957 | D:5      | Found Zetila's Food Shoppe.
  6981 | D:5      | Noticed Grinder
  6988 | D:5      | Killed Grinder
  6988 | D:5      | Reached XP level 8. HP: 31/46 MP: 14/15
  7230 | D:5      | Killed Duvessa
  7230 | D:5      | Reached skill level 5 in Conjurations
  7327 | D:5      | Killed Dowan
  7327 | D:5      | Reached skill level 5 in Spellcasting
  7779 | D:3      | Killed Jukra's ghost
  8277 | D:6      | Gained mutation: Your body sometimes deteriorates upon taking damage. [mutagenic meat]
  8788 | D:6      | Reached XP level 9. HP: 17/51 MP: 12/18
 10339 | D:7      | Found a staircase to the Ecumenical Temple.
 10344 | Temple   | Entered the Ecumenical Temple
 10367 | Temple   | Became a worshipper of Sif Muna the Loreminder
 10643 | D:7      | Noticed Coffe1991's ghost (novice GrBe)
 11178 | D:8      | Reached * piety under Sif Muna
 11189 | D:8      | Reached XP level 10. HP: 56/56 MP: 0/21
 11369 | D:8      | Noticed saplok's ghost (novice HOBe)
 13016 | D:9      | Noticed a two-headed ogre
 13020 | D:9      | Killed a two-headed ogre
 13020 | D:9      | Reached ** piety under Sif Muna
 13608 | D:9      | Noticed a two-headed ogre
 13627 | D:9      | Killed a two-headed ogre
 14182 | D:9      | Reached skill level 10 in Fire Magic
 14182 | D:9      | Reached XP level 11. HP: 60/60 MP: 10/23
 14184 | D:9      | Noticed a two-headed ogre
 14222 | D:10     | Entered Level 10 of the Dungeon
 14509 | D:10     | Got a sparkling iron ring
 14510 | D:10     | Identified the ring "Xegyme Alol" {Ice rN+ Dex+3} (You found it on level 10 of the Dungeon)
 15398 | D:7      | Reached *** piety under Sif Muna
 16000 | D:7      | Killed Coffe1991's ghost
 16570 | D:10     | Reached skill level 1 in Shields
 16644 | D:10     | Found Puagauka's General Store.
 16665 | D:10     | Bought a potion of flight for 36 gold pieces
 16731 | D:10     | Reached skill level 1 in Invocations
 16783 | D:10     | Found a staircase to the Orcish Mines.
 16997 | D:10     | Lost mutation: Your body sometimes deteriorates upon taking damage. [potion of mutation]
 16997 | D:10     | Gained mutation: Your magical capacity is low. (-10% MP) [potion of mutation]
 16997 | D:10     | Gained mutation: Your spells are a little harder to cast, but a little more powerful. [potion of mutation]
 16998 | D:10     | Found Harev's Gadget Boutique.
 17245 | D:10     | Found a staircase to the Lair.
 17680 | D:10     | Noticed an unseen horror
 17681 | D:10     | Killed an unseen horror
 17834 | D:10     | Found Oliyrch's Magic Scroll Boutique.
 17837 | D:10     | Bought a scroll of fog for 24 gold pieces
 17970 | D:11     | Noticed Grum
 17975 | D:11     | Killed Grum
 18223 | D:11     | Noticed Coffe1991's ghost (journeyman GrBe)
 18495 | D:10     | Reached skill level 10 in Conjurations
 19380 | D:11     | Reached **** piety under Sif Muna
 19416 | D:11     | Noticed Harold
 19424 | D:11     | Killed Harold
 19582 | D:11     | Reached XP level 12. HP: 46/65 MP: 23/23
 19857 | D:11     | Noticed a four-headed hydra
 19872 | D:11     | Killed a four-headed hydra
 19970 | D:11     | Noticed a seven-headed hydra
 19987 | D:11     | Found Zosk's Jewellery Shop.
 19987 | D:11     | Killed a seven-headed hydra
 19987 | D:11     | Reached skill level 10 in Spellcasting
 20142 | D:11     | Bought a cursed ring of loudness for 49 gold pieces
 20423 | D:11     | Reached ***** piety under Sif Muna
 20425 | D:11     | Identified Myen's Grimoire of the Assorted Deaths (Sif Muna gifted it to you on level 11 of the Dungeon)
 20425 | D:11     | Received a gift from Sif Muna
 20763 | D:11     | Noticed a two-headed ogre
 20779 | D:11     | Killed a two-headed ogre
 21054 | D:12     | Reached skill level 5 in Invocations
 23067 | Lair:1   | Entered Level 1 of the Lair of Beasts
 23112 | Lair:1   | Noticed a five-headed hydra
 23115 | Lair:1   | Killed a five-headed hydra
 23167 | Lair:1   | Found a labyrinth entrance.
 23197 | Lab      | Entered a labyrinth
 23787 | Lab      | Noticed gwathlobal's ghost (novice TrCK)
 23807 | Lab      | Killed gwathlobal's ghost
 23807 | Lab      | Reached XP level 13. HP: 71/71 MP: 10/24
 24385 | Lab      | Noticed a minotaur
 24409 | Lab      | Killed a minotaur
 24918 | Lair:1   | Noticed Sonja
 24923 | Lair:1   | Killed Sonja
 25746 | Lair:1   | Identified Ijeu's Reference Book on Hurtful Shape Shifting (Sif Muna gifted it to you on level 1 of the Lair of Beasts)
 25746 | Lair:1   | Received a gift from Sif Muna
 26322 | Lair:1   | HP: 3/71 [poisoned by a black mamba]
 26329 | Lair:1   | HP: 3/71 [poisoned by a black mamba]
 26337 | Lair:1   | HP: 2/71 [poisoned by a black mamba]
 27282 | Lair:2   | Got a scorched whip
 27283 | Lair:2   | Identified the +9 whip of Gethrec {flame, rF+} (You found it on level 2 of the Lair of Beasts)
 28592 | Lair:2   | Got a bound bone amulet
 28740 | Lair:2   | You fall through a shaft!
 28750 | Lair:3   | Identified the amulet "Muungifo" {Spirit rPois rF+ MP+9 Dex+3} (You found it on level 2 of the Lair of Beasts)
 29218 | Lair:2   | Learned a level 6 spell: Bolt of Fire
 30388 | Lair:4   | Noticed Urug
 30393 | Lair:4   | Killed Urug
 30686 | Lair:4   | Found a staircase to the Snake Pit.
 31015 | Lair:4   | Reached XP level 14. HP: 77/77 MP: 26/26
 31058 | Lair:4   | Received a gift from Sif Muna
 31089 | Lair:4   | Found a staircase to the Swamp.
 31240 | Lair:4   | Reached skill level 1 in Fighting
 31765 | Lair:5   | Found a staircase to the Slime Pits.
 33351 | Lair:6   | Entered Level 6 of the Lair of Beasts
 34140 | Lair:6   | Reached skill level 5 in Dodging
 34860 | Lair:6   | Identified Sif Muna's Volume of Ashen Evil (Sif Muna gifted it to you on level 6 of the Lair of Beasts)
 34860 | Lair:6   | Received a gift from Sif Muna
 34860 | Lair:6   | Reached XP level 15. HP: 86/90 MP: 28/28
 35055 | Lair:6   | Reached skill level 5 in Fighting
 36188 | Lair:6   | Found a burning altar of Makhleb.
 36197 | Lair:6   | Learned a level 6 spell: Iron Shot
 36898 | Lair:6   | Reached skill level 1 in Earth Magic
 37216 | Lair:6   | Found a gateway to Hell.
 37223 | Lair:6   | Identified Sif Muna's Catalogue of Floating Displacement (Sif Muna gifted it to you on level 6 of the Lair of Beasts)
 37223 | Lair:6   | Received a gift from Sif Muna
 38149 | Orc:1    | Entered Level 1 of the Orcish Mines
 38741 | Orc:2    | Entered Level 2 of the Orcish Mines
 38893 | Orc:2    | Found a staircase to the Elven Halls.
 39494 | Orc:2    | Found Xonenk's Antique Armour Shop.
 39524 | Orc:2    | Noticed Erolcha
 39525 | Orc:2    | Found a radiant altar of Vehumet.
 39529 | Orc:2    | Killed Erolcha
 39529 | Orc:2    | Reached XP level 16. HP: 95/101 MP: 29/29
 39661 | Orc:2    | Found Qyakamn's Book Boutique.
 39711 | Orc:2    | Found a roughly hewn altar of Beogh.
 39711 | Orc:2    | Found Joipic Faure's Antique Armour Shop.
 39733 | Orc:2    | Found an ancient bone altar of Kikubaaqudgha.
 39845 | Orc:2    | Found Side Xops's Magic Scroll Shop.
 39855 | Orc:2    | Bought a scroll of noise for 15 gold pieces
 39855 | Orc:2    | Bought a scroll of immolation for 52 gold pieces
 40196 | D:13     | Found a gate to the Vaults.
 40484 | D:13     | Noticed Azrael
 40582 | D:13     | Killed Azrael
 41173 | D:13     | Found a runed door.
 41393 | D:13     | Got a jewelled halberd {venom}
 41960 | D:14     | Noticed Snorg
 41966 | D:14     | Killed Snorg
 42006 | D:14     | Gained mutation: Your flesh is cold resistant. (rC+) [mutagenic meat]
 42014 | D:14     | Gained mutation: Your muscles are strong. (Str +2) [mutagenic meat]
 42015 | D:14     | Gained mutation: Your magical capacity is very low. (-20% MP) [mutagenic meat]
 42018 | D:14     | Gained mutation: You occasionally shout uncontrollably at your foes. [mutagenic meat]
 42021 | D:14     | Lost mutation: Your magical capacity is very low. (-20% MP) [mutagenic meat]
 42024 | D:14     | Gained mutation: You are robust. (+10% HP) [mutagenic meat]
 42026 | D:14     | Gained mutation: You have supernaturally acute eyesight. (SInv) [mutagenic meat]
 42027 | D:14     | Lost mutation: You are robust. (+10% HP) [mutagenic meat]
 42419 | D:14     | Reached skill level 5 in Earth Magic
 42503 | D:14     | Noticed Nessos
 42506 | D:14     | Killed Nessos
 42576 | D:14     | Identified Sif Muna's Almanac of the Snowflakes and Shape Shifting (Sif Muna gifted it to you on level 14 of the Dungeon)
 42576 | D:14     | Received a gift from Sif Muna
 42592 | D:14     | Learned a level 6 spell: Bolt of Cold
 42875 | D:15     | Entered Level 15 of the Dungeon
 43152 | D:15     | Noticed a shadow dragon
 43152 | D:15     | a frost giant changed into a shadow dragon
 43161 | D:15     | a shadow dragon changed into an iron troll
 43162 | D:15     | Noticed a quicksilver dragon
 43162 | D:15     | an iron troll changed into a quicksilver dragon
 43163 | D:15     | a quicksilver dragon changed into a dire elephant
 43178 | D:15     | Noticed a shadow dragon
 43178 | D:15     | Noticed an acid blob
 43178 | D:15     | a shadow dragon changed into an acid blob
 43180 | D:15     | Noticed a golden dragon
 43180 | D:15     | an acid blob changed into a golden dragon
 43183 | D:15     | Noticed a shadow dragon
 43183 | D:15     | a golden dragon changed into a shadow dragon
 43186 | D:15     | a shadow dragon changed into an alligator snapping turtle
 43672 | D:15     | Reached skill level 1 in Ice Magic
 44085 | D:15     | Reached skill level 2 in Ice Magic
 44097 | D:15     | Lost mutation: Your flesh is cold resistant. (rC+) [mutagenic meat]
 44098 | D:15     | Lost mutation: You occasionally shout uncontrollably at your foes. [mutagenic meat]
 44286 | D:15     | Found a staircase to the Depths.
 44644 | D:15     | Reached skill level 15 in Fire Magic
 44802 | D:15     | Reached skill level 3 in Ice Magic
 45668 | D:11     | Reached XP level 17. HP: 109/109 MP: 31/31
 45675 | D:11     | Bought an uncursed ring of flight for 192 gold pieces
 45869 | Lair:4   | Reached skill level 4 in Ice Magic
 46025 | Swamp:1  | Entered Level 1 of the Swamp
 46989 | Swamp:2  | Noticed Frances
 46996 | Swamp:2  | Killed Frances
 46996 | Swamp:2  | Reached skill level 5 in Ice Magic
 47449 | Swamp:2  | Noticed Nikola
 47722 | Swamp:2  | Reached skill level 6 in Ice Magic
 48587 | Swamp:3  | Reached skill level 15 in Conjurations
 48723 | Swamp:3  | Identified Sif Muna's Guide on Confrontation (Sif Muna gifted it to you on level 3 of the Swamp)
 48723 | Swamp:3  | Received a gift from Sif Muna
 49179 | Swamp:3  | Reached skill level 7 in Ice Magic
 50142 | Swamp:4  | Entered Level 4 of the Swamp
 50652 | Swamp:4  | Reached skill level 8 in Ice Magic
 50659 | Swamp:4  | Reached XP level 18. HP: 119/119 MP: 10/32
 51100 | Swamp:4  | Identified Sif Muna's Grimoire of the Helpful Voyage (Sif Muna gifted it to you on level 4 of the Swamp)
 51100 | Swamp:4  | Received a gift from Sif Muna
 51100 | Swamp:4  | Reached skill level 10 in Invocations
 51133 | Swamp:4  | Noticed the 27-headed Lernaean hydra
 51147 | Swamp:4  | Killed the 27-headed Lernaean hydra
 51530 | Swamp:4  | Got a decaying rune of Zot
 51922 | Swamp:4  | Reached skill level 10 in Fighting
 52522 | Snake:1  | Entered Level 1 of the Snake Pit
 52630 | Snake:1  | Reached skill level 9 in Ice Magic
 52876 | Snake:1  | Got a translucent long sword
 52877 | Snake:1  | Identified the +9 long sword "Ekeuc" {pain, +Fly Str+2 Int+3} (You found it on level 1 of the Snake Pit)
 53008 | Snake:1  | Found Fata's Antique Weapon Shoppe.
 55014 | Snake:2  | Found a glowing silver altar of Zin.
 55044 | Snake:2  | Found Xunwom's Assorted Antiques.
 55044 | Snake:2  | Found Ocwupt's Antique Weapon Emporium.
 55060 | Snake:2  | Bought a ring of protection for 52 gold pieces
 55060 | Snake:2  | Bought a potion of lignification for 78 gold pieces
 55060 | Snake:2  | Bought a potion of curing for 78 gold pieces
 55060 | Snake:2  | Bought an emerald potion for 23 gold pieces
 55256 | Snake:2  | Reached skill level 10 in Ice Magic
 55632 | Snake:2  | Identified Ugrukuam's Papyrus of Gliding Confrontation (Sif Muna gifted it to you on level 2 of the Snake Pit)
 55632 | Snake:2  | Received a gift from Sif Muna
 56281 | Snake:3  | Reached XP level 19. HP: 32/127 MP: 0/33
 57108 | Snake:3  | Got an ivory hand axe
 57113 | Snake:3  | Identified the cursed +2 hand axe "Hulk" {protect, Dex+4 SInv Stlth+} (You found it on level 3 of the Snake Pit)
 57426 | Snake:3  | Reached skill level 11 in Ice Magic
 57788 | Snake:2  | Bought an iridescent eveningstar for 440 gold pieces
 57789 | Snake:2  | Identified the +4 eveningstar of Hiacream {freeze, Str+4} (You bought it in a shop on level 2 of the Snake Pit)
 57840 | Snake:4  | Entered Level 4 of the Snake Pit
 58538 | Snake:4  | Reached skill level 15 in Spellcasting
 58843 | Snake:4  | Found Fiudgh Ones's Jewellery Shop.
 58845 | Snake:4  | Found Bonorid's Gadget Emporium.
 58847 | Snake:4  | Found Ynourhaw's Jewellery Shop.
 58865 | Snake:4  | Bought the ring "Nodius" {rElec MP+9 Stlth+} for 588 gold pieces
 59275 | Snake:4  | Received a gift from Sif Muna
 59303 | Snake:4  | Learned a level 3 spell: Ozocubu's Armour
 60005 | Snake:4  | Reached skill level 12 in Ice Magic
 60544 | Snake:4  | Reached XP level 20. HP: 133/135 MP: 35/35
 60618 | Snake:4  | Got a serpentine rune of Zot
 62151 | Lair:4   | Learned a level 1 spell: Summon Butterflies
 62696 | Vaults:1 | Entered Level 1 of the Vaults
 62972 | Vaults:1 | Identified Sif Muna's Reference Book on Shifting Damage Dealing (Sif Muna gifted it to you on level 1 of the Vaults)
 62972 | Vaults:1 | Received a gift from Sif Muna
 63981 | Vaults:1 | Reached skill level 13 in Ice Magic
 64712 | Vaults:1 | Identified the cursed +1 arbalest "Faisimia" {venom, +Inv rC+++ MR- Str-3} (You found it on level 1 of the Vaults)
 65584 | Vaults:2 | Identified Sif Muna's Further Steps in Thaumaturgy (Sif Muna gifted it to you on level 2 of the Vaults)
 65584 | Vaults:2 | Received a gift from Sif Muna
 65593 | Vaults:2 | Gained mutation: Your spells are harder to cast, but more powerful. [mutagenic meat]
 65598 | Vaults:2 | Lost mutation: You have supernaturally acute eyesight. (SInv) [mutagenic meat]
 65600 | Vaults:2 | Gained mutation: Your body sometimes deteriorates upon taking damage. [mutagenic meat]
 65604 | Vaults:2 | Gained mutation: You evolve. [mutagenic meat]
 65605 | Vaults:2 | Gained mutation: You are partially covered in molten scales. (AC +2) [mutagenic meat]
 65725 | Vaults:2 | Lost mutation: Your magical capacity is low. (-10% MP) [evolution]
 65858 | Vaults:2 | Gained mutation: Your flesh is cold resistant. (rC+) [mutagenic meat]
 65860 | Vaults:2 | Gained mutation: Your body often deteriorates upon taking damage. [mutagenic meat]
 65861 | Vaults:2 | Gained mutation: You are robust. (+10% HP) [mutagenic meat]
 65930 | Vaults:2 | Found Hueb's Book Emporium.
 66208 | Vaults:2 | Lost mutation: You are robust. (+10% HP) [mutagenic meat]
 67037 | Vaults:2 | Reached XP level 21. HP: 144/144 MP: 37/40
 67524 | Vaults:2 | Found a staircase to the Crypt.
 67558 | Vaults:2 | Reached skill level 14 in Ice Magic
 67562 | Vaults:2 | Noticed Jorgrun
 67666 | Vaults:2 | Found Mot Far's Food Boutique.
 67676 | Vaults:2 | Gained mutation: You tend to lose your temper in combat. [mutagenic meat]
 67682 | Vaults:2 | Gained mutation: Your flesh is heat resistant. (rF+) [mutagenic meat]
 67683 | Vaults:2 | Gained mutation: Your muscles are very strong. (Str +4) [mutagenic meat]
 67684 | Vaults:2 | Lost mutation: Your flesh is heat resistant. (rF+) [mutagenic meat]
 67685 | Vaults:2 | Gained mutation: You are surrounded by a mild repulsion field. (EV +2) [mutagenic meat]
 67903 | Vaults:2 | Gained mutation: You rapidly evolve. [mutagenic meat]
 67905 | Vaults:2 | Gained mutation: You are frail. (-10% HP) [mutagenic meat]
 68077 | Vaults:2 | Killed Jorgrun
 68397 | Vaults:2 | Received a gift from Sif Muna
 68430 | Vaults:2 | Identified Fegrety's Papyrus of Dusty Ignition (Sif Muna gifted it to you on level 2 of the Vaults)
 68573 | Vaults:2 | Noticed Donald
 68577 | Vaults:2 | Killed Donald
 69021 | Vaults:2 | Found Igaqeb's Armour Boutique.
 69677 | Vaults:3 | Noticed Xtahua
 69680 | Vaults:3 | Killed Xtahua
 69897 | Vaults:3 | Gained mutation: You can translocate small distances at will. [mutagenic meat]
 69899 | Vaults:3 | Lost mutation: Your spells are harder to cast, but more powerful. [mutagenic meat]
 69900 | Vaults:3 | Lost mutation: You tend to lose your temper in combat. [mutagenic meat]
 70448 | Vaults:3 | Gained mutation: Your spells are harder to cast, but more powerful. [mutagenic meat]
 70449 | Vaults:3 | Gained mutation: You are partially covered in slimy green scales. (AC +2) [mutagenic meat]
 70450 | Vaults:3 | Lost mutation: You are partially covered in molten scales. (AC +2) [mutagenic meat]
 70647 | Vaults:3 | Reached skill level 15 in Ice Magic
 70658 | Vaults:3 | Lost mutation: You rapidly evolve. [mutagenic meat]
 70660 | Vaults:3 | Lost mutation: You are partially covered in slimy green scales. (AC +2) [mutagenic meat]
 70661 | Vaults:3 | Lost mutation: Your body often deteriorates upon taking damage. [mutagenic meat]
 70672 | Vaults:3 | Lost mutation: You are frail. (-10% HP) [mutagenic meat]
 70674 | Vaults:3 | Gained mutation: You tend to lose your temper in combat. [mutagenic meat]
 71092 | Vaults:3 | Received a gift from Sif Muna
 71320 | Vaults:3 | Reached XP level 22. HP: 152/152 MP: 42/42
 71654 | Vaults:3 | Gained mutation: You are resistant to electric shocks. (rElec) [mutagenic meat]
 71788 | Vaults:3 | Noticed Boris
 71805 | Vaults:3 | Killed Boris
 72079 | Vaults:3 | Gained mutation: You expend magic power (3 MP) to strengthen your wands. [mutagenic meat]
 72179 | Vaults:3 | Lost mutation: You tend to lose your temper in combat. [mutagenic meat]
 72280 | Vaults:3 | Lost mutation: Your body sometimes deteriorates upon taking damage. [mutagenic meat]
 73385 | Vaults:4 | Noticed Margery
 73387 | Vaults:4 | Reached skill level 16 in Ice Magic
 73391 | Vaults:4 | Killed Margery
 73639 | Vaults:4 | Noticed Sojobo
 73643 | Vaults:4 | Received a gift from Sif Muna
 73675 | Vaults:4 | Learned a level 8 spell: Ignition
 75766 | Vaults:4 | Reached XP level 23. HP: 160/160 MP: 43/43
 76928 | Vaults:4 | Killed Sojobo
 77551 | Crypt:1  | Entered Level 1 of the Crypt
 77740 | Crypt:1  | Identified Sif Muna's Grimoire of Moulding and Curses (Sif Muna gifted it to you on level 1 of the Crypt)
 77740 | Crypt:1  | Received a gift from Sif Muna
 80007 | Crypt:2  | Reached skill level 15 in Fighting
 80109 | Crypt:2  | Noticed Frederick
 80122 | Crypt:2  | Killed Frederick
 81090 | Crypt:2  | Reached XP level 24. HP: 170/170 MP: 44/44
 81304 | Crypt:3  | Entered Level 3 of the Crypt
 81626 | Crypt:3  | Identified Iggea's Collected Works on the Twisted Traveller (Sif Muna gifted it to you on level 3 of the Crypt)
 81626 | Crypt:3  | Received a gift from Sif Muna
 81751 | Crypt:3  | Found a basalt altar of Yredelemnul.
 82660 | Crypt:3  | Noticed Khufu
 82669 | Crypt:3  | Killed Khufu
 82756 | Crypt:3  | Found a staircase to the Tomb.
 83170 | Crypt:3  | Identified the Incunabulum of Summoning
 83403 | Crypt:3  | Identified the Volume of Unholy Rites
 83483 | Crypt:3  | Identified Sif Muna's Compendium of the Entourage (Sif Muna gifted it to you on level 3 of the Crypt)
 83483 | Crypt:3  | Received a gift from Sif Muna
 83800 | Crypt:3  | Got a vibrating graven amulet
 83801 | Crypt:3  | Identified the amulet of the Thistle {rN+ Regen+ Dex+2} (You found it on level 3 of the Crypt)
 83802 | Crypt:3  | Identified the ring of the Trout {rPois rN+ Int+3} (You found it on level 3 of the Crypt)
 84299 | Elf:1    | Entered Level 1 of the Elven Halls
 84302 | Elf:1    | Reached skill level 17 in Ice Magic
 84760 | Elf:1    | Found Ysuver's Jewellery Shop.
 85421 | Elf:1    | Noticed Agnes
 85425 | Elf:1    | Killed Agnes
 85934 | Elf:2    | Found a frozen archway.
 86010 | Elf:2    | Found a magical portal.
 86050 | WizLab   | Entered The Hall of the Hellbinder
 86387 | WizLab   | Reached XP level 25. HP: 164/177 MP: 41/44
 86939 | WizLab   | Found a burning altar of Makhleb.
 87021 | WizLab   | Identified the Compendium of Inquiry
 87058 | WizLab   | Identified Halan's Catalogue of Companions
 87245 | Elf:2    | Noticed Roxanne
 87299 | Elf:2    | Found a huge runed gate.
 87299 | Elf:2    | Found a huge runed gate.
 87299 | Elf:2    | Found a huge runed gate.
 87299 | Elf:2    | Found a huge runed gate.
 87299 | Elf:2    | Found a huge runed gate.
 88131 | Elf:2    | Reached skill level 18 in Ice Magic
 88330 | Elf:2    | Received a gift from Sif Muna
 88346 | Elf:2    | Identified Sif Muna's Almanac of Conjuration and Evil (Sif Muna gifted it to you on level 2 of the Elven Halls)
 88436 | Elf:2    | Found Ehu Rija's Weapon Shoppe.
 88573 | Elf:2    | Found a deep blue altar of Sif Muna.
 88632 | Elf:3    | Entered Level 3 of the Elven Halls
 88720 | Elf:3    | Noticed Bai Suzhen
 88726 | Elf:3    | Killed Bai Suzhen
 89508 | Elf:3    | Reached skill level 19 in Ice Magic
 89699 | Elf:3    | Identified the cursed +0 shield of Gestures {rPois Str+3 SInv} (You found it on level 3 of the Elven Halls)
 89734 | Elf:3    | Identified the Tome of Curses and Damage Dealing
 90247 | Elf:3    | Identified the Handbook of Clay
 90378 | Elf:3    | Got a ring of the Octopus King
 90562 | Elf:3    | Identified a ring of the Octopus King {rN+ AC+1 EV+1 Str+1 Int+1 Dex+1} (You found it on level 3 of the Elven Halls)
 90594 | Elf:3    | Got an ancient morningstar
 90643 | Elf:3    | Identified the +9 morningstar of the Past {protect, *Noise +Blink rF+ Dex+4} (You found it on level 3 of the Elven Halls)
 90686 | Elf:3    | Got a translucent steel ring
 90688 | Elf:3    | Identified the ring of the Raven {*Drain +Inv rF+ rN+++ Stlth-} (You took it off a deep elf mage on level 3 of the Elven Halls)
 91565 | D:13     | Got a smoking sapphire amulet
 91566 | D:13     | Identified the amulet of Cyost {Spirit rElec} (You found it on level 13 of the Dungeon)
 91882 | Vaults:5 | Entered Level 5 of the Vaults
 91883 | Vaults:5 | Received a gift from Sif Muna
 91883 | Vaults:5 | Reached XP level 26. HP: 188/188 MP: 44/44
 91960 | Vaults:5 | Reached skill level 20 in Ice Magic
 92737 | Vaults:5 | Reached skill level 1 in Summonings
 92799 | Vaults:5 | Identified Sif Muna's Reference Book on Curses and the Blaze (Sif Muna gifted it to you on level 5 of the Vaults)
 92799 | Vaults:5 | Received a gift from Sif Muna
 93206 | Vaults:5 | Reached skill level 21 in Ice Magic
 94262 | Vaults:5 | Identified the +9 dagger "Ophacona" {pain, *Noise rPois SInv} (You found it on level 5 of the Vaults)
 94626 | Vaults:5 | Identified Sif Muna's Tome of the Entourage (Sif Muna gifted it to you on level 5 of the Vaults)
 94626 | Vaults:5 | Received a gift from Sif Muna
 94639 | Vaults:5 | Reached skill level 5 in Summonings
 95468 | Vaults:5 | Reached XP level 27. HP: 194/194 MP: 44/44
 95498 | Vaults:5 | Found Caavvulol's Distillery.
 95498 | Vaults:5 | Found Xeckacs's Magic Scroll Shoppe.
 95518 | Vaults:5 | Found Ojanwucs's Distillery.
 95518 | Vaults:5 | Found Fukk's Magic Scroll Shoppe.
 95523 | Vaults:5 | Bought a potion of berserk rage for 90 gold pieces
 95537 | Vaults:5 | Found Mamaabla's Food Shop.
 95542 | Vaults:5 | Got a silver rune of Zot
 95575 | Vaults:5 | Found Joasul's Magic Scroll Shoppe.
 95601 | Vaults:5 | Found Vineahos's Distillery.
 95619 | Vaults:5 | Found Buidiuvi's Distillery.
 95657 | Vaults:5 | Bought a scroll of blinking for 112 gold pieces
 96013 | Vaults:5 | Identified the +8 flail of Bile {venom, rElec Int+3 Dex+2} (You took it off a necromancer on level 5 of the Vaults)
 96049 | Vaults:5 | Bought a scroll of blinking for 157 gold pieces
 96070 | Vaults:5 | Bought a scroll of blinking for 105 gold pieces
 96420 | D:10     | Gained mutation: Your flesh is very cold resistant. (rC++) [evolution]
 96629 | D:11     | Killed Coffe1991's ghost
 97243 | Lair:1   | Learned a level 7 spell: Spellforged Servitor
 97254 | Lair:1   | Learned a level 7 spell: Orb of Destruction
 97490 | Depths:1 | Entered Level 1 of the Depths
 97735 | Depths:1 | Noticed Aizul
 97739 | Depths:1 | Killed Aizul
 98049 | Depths:1 | Found a one-way gate to the infinite horrors of the Abyss.
 98627 | Depths:1 | Identified Sif Muna's Catalogue of Cold (Sif Muna gifted it to you on level 1 of the Depths)
 98627 | Depths:1 | Received a gift from Sif Muna
 99294 | Depths:2 | Reached skill level 22 in Ice Magic
100203 | Depths:2 | Identified Sif Muna's Reference Book on Weightlessness and Attacks (Sif Muna gifted it to you on level 2 of the Depths)
100203 | Depths:2 | Received a gift from Sif Muna
100290 | Depths:2 | Found a one-way gate leading to the halls of Pandemonium.
100712 | Depths:2 | Found a burning altar of Makhleb.
100782 | Depths:2 | Identified the Volume of the Wary Shrikes
100811 | Depths:2 | Found a runed door.
100816 | Depths:2 | Found a runed door.
101067 | Depths:2 | Identified the cursed +3 hand crossbow of Alakauhu {penet, rElec rPois Int-3 Stlth-} (You found it on level 2 of the Depths)
102718 | Depths:3 | Identified Otugec's Almanac of Congealing Air (Sif Muna gifted it to you on level 3 of the Depths)
102718 | Depths:3 | Received a gift from Sif Muna
102964 | Depths:4 | Reached skill level 23 in Ice Magic
103516 | Depths:3 | Noticed a juggernaut
103523 | Depths:3 | Noticed a juggernaut
103523 | Depths:3 | Killed a juggernaut
103529 | Depths:3 | Killed a juggernaut
104041 | Depths:4 | Lost mutation: You expend magic power (3 MP) to strengthen your wands. [evolution]
104123 | Depths:4 | Identified Sif Muna's Reference Book on Assistive Moulding (Sif Muna gifted it to you on level 4 of the Depths)
104123 | Depths:4 | Received a gift from Sif Muna
104132 | Depths:4 | Found a bloodstained altar of Trog.
104329 | Depths:4 | Reached skill level 10 in Summonings
104830 | Depths:4 | Identified Sif Muna's Grimoire of Orientation and Contamination (Sif Muna gifted it to you on level 4 of the Depths)
104830 | Depths:4 | Received a gift from Sif Muna
105317 | Depths:4 | Reached skill level 24 in Ice Magic
105670 | Depths:4 | Identified Sif Muna's Almanac of Combat Magic (Sif Muna gifted it to you on level 4 of the Depths)
105670 | Depths:4 | Received a gift from Sif Muna
105840 | Depths:4 | Identified Duufoi Meoz's Catalogue of Sinister Magic
106682 | Depths:5 | Entered Level 5 of the Depths
107154 | Depths:5 | Found a gate to the Realm of Zot.
107393 | Depths:5 | Noticed Boris
107402 | Depths:5 | Killed Boris
107734 | Depths:5 | Found a gateway to a ziggurat.
108397 | Depths:4 | Identified Dupooli's Incunabulum of Stolen Souls and Summoning (Sif Muna gifted it to you on level 4 of the Depths)
108397 | Depths:4 | Received a gift from Sif Muna
108732 | Snake:2  | Bought a smoking scimitar for 198 gold pieces
108733 | Snake:2  | Identified the +1 scimitar of the Thing {venom, rC+ Str+2} (You bought it in a shop on level 2 of the Snake Pit)
108752 | Snake:2  | Bought a scroll of identify for 52 gold pieces
108831 | Snake:4  | Bought a cursed -2 ring of slaying for 32 gold pieces
108831 | Snake:4  | Bought an uncursed ring of see invisible for 240 gold pieces
108831 | Snake:4  | Bought an uncursed ring of wizardry for 480 gold pieces
109347 | Zot:1    | Entered Level 1 of the Realm of Zot
111497 | Zot:2    | Learned a level 9 spell: Glaciate
111711 | Zot:2    | Identified Xir Ykal's Reference Book on Talismans and Creation (Sif Muna gifted it to you on level 2 of the Realm of Zot)
111711 | Zot:2    | Received a gift from Sif Muna
113200 | D:14     | Learned a level 3 spell: Regeneration
113248 | D:14     | Identified the +1 halberd "Feixtib" {venom, Int+4} (You took it off a big kobold on level 13 of the Dungeon)
113302 | D:15     | Learned a level 2 spell: Sticks to Snakes
113427 | Zot:3    | Reached skill level 1 in Necromancy
113430 | Zot:3    | Reached skill level 1 in Transmutations
113637 | Zot:3    | Noticed an orb of fire
113640 | Zot:3    | Killed an orb of fire
113845 | Zot:3    | Received a gift from Sif Muna
114472 | Zot:3    | Reached skill level 5 in Necromancy
115554 | Zot:4    | Identified Sif Muna's Volume of Toxic Attacks (Sif Muna gifted it to you on level 4 of the Realm of Zot)
115554 | Zot:4    | Received a gift from Sif Muna
115831 | Zot:4    | Reached skill level 5 in Transmutations
115847 | Zot:4    | Noticed an orb of fire
116102 | Zot:4    | Killed an orb of fire
116183 | Zot:4    | Reached skill level 25 in Ice Magic
116745 | Zot:4    | Noticed an orb of fire
116747 | Zot:4    | Killed an orb of fire
117247 | Zot:5    | Entered Level 5 of the Realm of Zot
117360 | Zot:5    | Identified Sif Muna's Incunabulum of Supportive Confrontation (Sif Muna gifted it to you on level 5 of the Realm of Zot)
117360 | Zot:5    | Received a gift from Sif Muna
117421 | Zot:5    | Noticed an ancient lich
117427 | Zot:5    | Killed an ancient lich
117699 | Zot:5    | Noticed an ancient lich
117706 | Zot:5    | Killed an ancient lich
117727 | Zot:5    | Noticed an ancient lich
117736 | Zot:5    | Killed an ancient lich
117754 | Zot:5    | Reached skill level 10 in Necromancy
118186 | Zot:5    | Identified Voreopn's Guide on Igneous Good Luck (Sif Muna gifted it to you on level 5 of the Realm of Zot)
118186 | Zot:5    | Received a gift from Sif Muna
119674 | Zot:5    | Noticed an orb of fire
119677 | Zot:5    | Killed an orb of fire
119890 | Zot:5    | Identified Nogir's Compendium of Unstable Lightness (Sif Muna gifted it to you on level 5 of the Realm of Zot)
119890 | Zot:5    | Received a gift from Sif Muna
119979 | Zot:5    | Noticed an orb of fire
120006 | Zot:5    | Gained mutation: You are dopey. (Int -2) [an orb of fire]
120007 | Zot:5    | Gained mutation: You are clumsy. (Dex -2) [an orb of fire]
120008 | Zot:5    | Gained mutation: Scrolls take you a little longer to read. [an orb of fire]
120009 | Zot:5    | Gained mutation: You are frail. (-10% HP) [an orb of fire]
120010 | Zot:5    | Killed an orb of fire
120251 | Zot:5    | Noticed an orb of fire
120254 | Zot:5    | Gained mutation: Potions are less effective at restoring your health. [an orb of fire]
120255 | Zot:5    | Killed an orb of fire
120436 | Zot:5    | Lost mutation: Your spells are harder to cast, but more powerful. [potion of mutation]
120436 | Zot:5    | Lost mutation: Scrolls take you a little longer to read. [potion of mutation]
120436 | Zot:5    | Lost mutation: You are dopey. (Int -2) [potion of mutation]
120436 | Zot:5    | Lost mutation: Your spells are a little harder to cast, but a little more powerful. [potion of mutation]
120436 | Zot:5    | Lost mutation: Your flesh is very cold resistant. (rC++) [potion of mutation]
120436 | Zot:5    | Lost mutation: You are frail. (-10% HP) [potion of mutation]
120436 | Zot:5    | Gained mutation: You are frail. (-10% HP) [potion of mutation]
120436 | Zot:5    | Gained mutation: You occasionally shout uncontrollably at your foes. [potion of mutation]
120436 | Zot:5    | Gained mutation: One of your tentacles bears a spike. [potion of mutation]
120437 | Zot:5    | Lost mutation: You are frail. (-10% HP) [potion of mutation]
120437 | Zot:5    | Lost mutation: You are surrounded by a mild repulsion field. (EV +2) [potion of mutation]
120437 | Zot:5    | Lost mutation: Your flesh is cold resistant. (rC+) [potion of mutation]
120437 | Zot:5    | Lost mutation: Your muscles are very strong. (Str +4) [potion of mutation]
120437 | Zot:5    | Lost mutation: You are clumsy. (Dex -2) [potion of mutation]
120437 | Zot:5    | Lost mutation: One of your tentacles bears a spike. [potion of mutation]
120437 | Zot:5    | Lost mutation: You occasionally shout uncontrollably at your foes. [potion of mutation]
120437 | Zot:5    | Gained mutation: You are robust. (+10% HP) [potion of mutation]
120437 | Zot:5    | Gained mutation: You rapidly evolve. [potion of mutation]
120656 | Zot:5    | Noticed an ancient lich
120660 | Zot:5    | Killed an ancient lich
120845 | Zot:5    | Gained mutation: You have a beak for a mouth. [evolution]
121006 | Zot:1    | Identified Waqies's Tome of Companions (Sif Muna gifted it to you on level 1 of the Realm of Zot)
121006 | Zot:1    | Received a gift from Sif Muna
122036 | D:10     | Bought an uncursed amulet of faith for 480 gold pieces
122236 | Orc:2    | Fell from the grace of Sif Muna
122236 | Orc:2    | Became a worshipper of Vehumet
122533 | Hell     | Entered the Vestibule of Hell
122533 | Hell     | Noticed Geryon
122540 | Hell     | Noticed Murray
122540 | Hell     | Killed Geryon
122771 | Hell     | Killed Murray
123297 | Lair:6   | Reached skill level 10 in Transmutations
123298 | Lair:6   | Reached * piety under Vehumet
123298 | Lair:6   | Offered knowledge of Sandblast by Vehumet.
123679 | Lair:6   | Lost mutation: Your muscles are strong. (Str +2) [a cacodemon]
124420 | Hell     | Found a gateway to the Iron City of Dis.
124459 | Hell     | Found a gateway to the ashen valley of Gehenna.
124521 | Hell     | Found a gateway to the decaying netherworld of Tartarus.
124560 | Hell     | Gained mutation: Your spells are a little easier to cast, but a little less powerful. [mutagenic glow]
124590 | Hell     | Found a gateway to the freezing wastes of Cocytus.
124661 | Hell     | Reached ** piety under Vehumet
125605 | Tomb:1   | Entered Level 1 of the Tomb of the Ancients
125675 | Tomb:1   | Offered knowledge of Throw Flame by Vehumet.
126128 | Tomb:1   | Offered knowledge of Inner Flame by Vehumet.
126149 | Tomb:1   | Reached *** piety under Vehumet
126169 | Tomb:1   | Gained mutation: Scrolls take you a little longer to read. [mutagenic glow]
127648 | Tomb:1   | Noticed a greater mummy
127648 | Tomb:1   | Noticed a greater mummy
127661 | Tomb:1   | Killed a greater mummy
127683 | Tomb:1   | Gained mutation: Your magical capacity is low. (-10% MP) [mutagenic glow]
128309 | Tomb:1   | Killed a greater mummy
128309 | Tomb:1   | Offered knowledge of Olgreb's Toxic Radiance by Vehumet.
128545 | Tomb:1   | Noticed a greater mummy
128549 | Tomb:1   | Killed a greater mummy
128970 | Tomb:1   | Reached skill level 15 in Necromancy
129054 | Tomb:1   | Reached **** piety under Vehumet
129511 | Tomb:1   | Identified the ring of Worhi Uru {*Contam rElec Str+5 Int+2 SInv} (You took it off a guardian mummy on level 1 of the Tomb of the Ancients)
129908 | Vaults:5 | Bought a scroll of magic mapping for 73 gold pieces
129908 | Vaults:5 | Bought a scroll of identify for 42 gold pieces
129921 | Vaults:5 | Bought a potion of haste for 210 gold pieces
129921 | Vaults:5 | Bought a potion of mutation for 168 gold pieces
129921 | Vaults:5 | Bought a potion of mutation for 168 gold pieces
129921 | Vaults:5 | Bought 2 potions of heal wounds for 210 gold pieces
129934 | Vaults:5 | Bought a potion of mutation for 152 gold pieces
129934 | Vaults:5 | Bought a potion of haste for 190 gold pieces
129953 | Vaults:5 | Bought a potion of magic for 104 gold pieces
129953 | Vaults:5 | Bought a potion of mutation for 104 gold pieces
129953 | Vaults:5 | Bought a potion of mutation for 104 gold pieces
129973 | Vaults:5 | Bought a potion of magic for 144 gold pieces
129973 | Vaults:5 | Bought a potion of magic for 144 gold pieces
129995 | Vaults:5 | Bought a royal jelly for 26 gold pieces
130030 | Vaults:4 | Offered knowledge of Iskenderun's Mystic Blast by Vehumet.
130148 | Vaults:4 | Learned a level 8 spell: Necromutation
130363 | Vaults:3 | Lost mutation: Your spells are a little easier to cast, but a little less powerful. [mutagenic meat]
130740 | Slime:1  | Entered Level 1 of the Pits of Slime
131564 | Slime:2  | Lost mutation: Your magical capacity is low. (-10% MP) [evolution]
131805 | Slime:1  | Reached ***** piety under Vehumet
132110 | Slime:2  | Offered knowledge of Poison Arrow by Vehumet.
133553 | Slime:5  | Entered Level 5 of the Pits of Slime
133720 | Slime:5  | Offered knowledge of Airstrike by Vehumet.
133752 | Slime:5  | Noticed the Royal Jelly
134170 | Slime:5  | Noticed fino's ghost (master DrTm)
134175 | Slime:5  | Killed fino's ghost
134345 | Slime:5  | Killed the Royal Jelly
134394 | Slime:5  | Identified the Handbook of Changing and the Frostbite
134399 | Slime:5  | Got a slimy rune of Zot
134435 | Slime:5  | Identified the Tome of Vitriolic Confrontation
134767 | Slime:4  | Offered knowledge of Bolt of Magma by Vehumet.
135110 | D:10     | Was forgiven by Sif Muna
135754 | Elf:2    | Killed Roxanne
135762 | Elf:2    | Identified Roxanne's Compendium of Transmutation (You took it off Roxanne on level 2 of the Elven Halls)
136961 | Tomb:2   | Noticed a greater mummy
136961 | Tomb:2   | Noticed a greater mummy
136961 | Tomb:2   | Noticed a greater mummy
136961 | Tomb:2   | Noticed a greater mummy
136968 | Tomb:2   | Killed a greater mummy
136969 | Tomb:2   | Killed a greater mummy
136969 | Tomb:2   | Killed a greater mummy
136969 | Tomb:2   | HP: 10/210 [ushabti/vile air (2)]
136970 | Tomb:2   | Killed from afar by a greater mummy

Skill      XL: |  1  2  3  4  5  6  7  8  9 10 11 12 13 14 15 16 17 18 19 20 21 22 23 24 25 26 27 |
---------------+----------------------------------------------------------------------------------+-----
Stealth        | 3 |  3.5
Unarmed Combat | 1 |  1.0
Conjurations   | 2 3 4 6 7 9 10 11 12 13 14 15 16 17 18 21 | 21.3
Fire Magic     | 4 5 7 8 10 12 13 14 15 16 17 19 20 21 | 21.1
Spellcasting   | 3 4 6 7 8 9 10 11 12 13 14 15 16 17 24 | 24.1
Shields        | 4 |  4.2
Invocations    | 3 6 8 9 10 | 10.2
Fighting       | 4 6 8 9 10 11 12 13 14 15 16 18 | 18.7
Dodging        | 5 7 |  7.1
Earth Magic    | 3 5 |  5.1
Ice Magic      | 3 8 10 12 13 15 16 17 19 21 25 | 25.0
Summonings     | 5 11 | 11.4
Necromancy     | 17 | 17.2
Transmutations | 12 | 12.3

Action                   |  1- 3 |  4- 6 |  7- 9 | 10-12 | 13-15 | 16-18 | 19-21 | 22-24 | 25-27 || total
-------------------------+-------+-------+-------+-------+-------+-------+-------+-------+-------++-------
Melee: Unarmed           |    89 |       |       |       |       |       |       |       |     5 ||    94
       Constrict         |    28 |    19 |    16 |    23 |    33 |    22 |     7 |    11 |    25 ||   184
       Tentacles         |    12 |    11 |    13 |    20 |    43 |    31 |     6 |    20 |    61 ||   217
       Dagger            |     6 |    82 |    59 |   112 |    43 |       |       |       |    17 ||   319
       Punch             |       |     2 |       |       |       |     1 |     1 |     1 |     4 ||     9
       Whip              |       |       |       |       |    87 |       |       |       |       ||    87
       Staff             |       |       |       |       |    42 |    82 |       |       |    15 ||   139
       Long sword        |       |       |       |       |       |     3 |    19 |    37 |   140 ||   199
       Peck              |       |       |       |       |       |       |       |       |    25 ||    25
 Cast: Flame Tongue      |    19 |    57 |   226 |   163 |    31 |    30 |    12 |       |       ||   538
       Conjure Flame     |       |     2 |     9 |    16 |     3 |     1 |     2 |     5 |     5 ||    43
       Sticky Flame      |       |     3 |    10 |    39 |    51 |     7 |     1 |     5 |     4 ||   120
       Fireball          |       |       |    12 |   151 |   226 |    34 |   100 |    60 |     3 ||   586
       Bolt of Fire      |       |       |       |       |   131 |   539 |   429 |   527 |  1187 ||  2813
       Iron Shot         |       |       |       |       |    13 |    17 |     1 |    28 |   297 ||   356
       Bolt of Cold      |       |       |       |       |       |    18 |    60 |    30 |   142 ||   250
       Ozocubu's Armour  |       |       |       |       |       |       |     8 |    12 |     5 ||    25
       Summon Butterflie |       |       |       |       |       |       |     1 |     1 |     5 ||     7
       Ignition          |       |       |       |       |       |       |       |    20 |   109 ||   129
       Glaciate          |       |       |       |       |       |       |       |       |    37 ||    37
       Regeneration      |       |       |       |       |       |       |       |       |     5 ||     5
       Spellforged Servi |       |       |       |       |       |       |       |       |     5 ||     5
       Necromutation     |       |       |       |       |       |       |       |       |     2 ||     2
       Orb of Destructio |       |       |       |       |       |       |       |       |     2 ||     2
Invok: Divine Energy     |       |       |       |     1 |       |       |       |       |       ||     1
       Channel Magic     |       |       |       |       |     7 |    13 |    11 |    17 |    34 ||    82
 Abil: Blink             |       |       |       |       |       |       |       |       |     3 ||     3
       End Transformatio |       |       |       |       |       |       |       |       |     1 ||     1
       Evoke Invisibilit |       |       |       |       |       |       |       |       |     1 ||     1
Evoke: Wand              |       |       |       |     1 |     7 |       |     1 |     1 |    11 ||    21
       Phial of floods   |       |       |       |       |     1 |       |       |     1 |     1 ||     3
       Lamp of fire      |       |       |       |       |       |       |       |       |     1 ||     1
  Use: Scroll            |       |     4 |     6 |    12 |    11 |    13 |     8 |    10 |    24 ||    88
       Potion            |       |       |       |     3 |     3 |     5 |       |     2 |     8 ||    21
 Stab: Sleeping          |     9 |    12 |     9 |     6 |     1 |     1 |       |     1 |       ||    39
       Distracted        |       |       |       |     3 |       |       |       |       |     2 ||     5
       Paralysed         |       |       |       |       |     3 |       |       |       |       ||     3
  Eat: Chunk             |     6 |     9 |    23 |    45 |    69 |   107 |   104 |    39 |    76 ||   478
       Royal jelly       |       |       |     2 |     4 |       |     3 |     2 |     6 |     7 ||    24
       Fruit             |       |       |       |     5 |     6 |    13 |     2 |    14 |    14 ||    54
       Meat ration       |       |       |       |     3 |     4 |     4 |     2 |     1 |    14 ||    28
       Bread ration      |       |       |       |       |     2 |     3 |       |       |     5 ||    10
Armor: Skin              |    20 |     5 |     3 |    10 |    16 |     9 |    21 |    18 |    69 ||   171
Dodge: Dodged            |    75 |    54 |    87 |    94 |   209 |   159 |    98 |   104 |   442 ||  1322
Block: Buckler           |       |       |       |    13 |    84 |    75 |    47 |    58 |   250 ||   527
       Reflection        |       |       |       |       |       |     4 |    21 |    10 |    38 ||    73
       Rpst.: Long sword |       |       |       |       |       |     9 |    11 |    18 |    32 ||    70
